Map: Odyssey LE

Players

Metasapien - Winner!

  • Race: Zerg Zerg
  • League: Gold
  • Spawn Location: 5:00

A.I. 1 (Harder)

  • Race: Zerg Zerg
  • Spawn Location: 11:00

VOD

Have the link to the VOD?

Description

Time

  • Played on: Aug. 27, 2017, 3:53 a.m.
  • Length: 15:33
Show
View Real Time Build Order
Export as new Build Order

Metasapien Zerg - Winner!

Build Orders: Hatch First 

Get SALT Encoding   

  12  0:01  Drone  
  13  0:10  Drone  
  14  0:16  Overlord  
  14  0:36  Drone x3  
  17  0:58  Hatchery, Drone  
  17  1:11  Extractor  
  17  1:13  Drone  
  17  1:14  Drone  
  18  1:21  Drone  
  19  1:31  Overlord  
  19  1:41  Drone  
  20  1:56  Spawning Pool, Drone  
  20  2:12  Drone  
  21  2:18  Drone  
  21  2:20  Hatchery  
  21  2:21  Drone  
  22  2:27  Drone  
  22  2:28  Drone  
  24  2:37  Drone  
  25  2:38  Drone  
  25  2:43  Queen  
  25  2:44  Queen  
  28  2:47  Zergling x2  
  31  2:54  Extractor  
  31  2:55  Drone x2  
  32  2:59  Metabolic Boost  
  32  3:07  Drone  
  32  3:10  Drone x2  
  35  3:18  Overlord  
  35  3:32  Drone  
  35  3:33  Drone x2  
  38  3:39  Spine Crawler  
  36  3:43  Roach Warren  
  36  3:45  Burrow  
  36  3:48  Drone x2  
  37  3:49  Drone x2  
  37  3:50  Queen  
  41  3:57  Drone  
  41  3:59  Queen  
  44  4:09  Drone x3  
  47  4:13  Drone  
  47  4:14  Drone  
  47  4:15  Overlord  
  47  4:16  Overlord  
  49  4:29  Spine Crawler  
  48  4:36  Drone x3  
  51  4:55  Drone  
  51  4:57  Roach x4  
  51  4:58  Overlord, Roach x2  
  51  4:59  Overlord  
  64  5:03  Extractor  
  64  5:06  Extractor  
  62  5:09  Lair  
  62  5:16  Drone x3  
  62  5:17  Drone  
  62  5:20  Spine Crawler  
  65  5:21  Spine Crawler  
  65  5:22  Drone  
  65  5:24  Roach x5  
  65  5:25  Roach x2  
  79  5:31  Queen  
  79  5:32  Pneumatized Carapace  
  81  5:37  Overlord  
  81  5:38  Overlord x2  
  81  5:39  Overlord  
  81  5:52  Extractor  
  81  5:54  Extractor  
  81  5:57  Drone x2  
  81  6:03  Drone  
  82  6:07  Drone x3  
  82  6:08  Roach x3  
  91  6:29  Hydralisk Den  
  91  6:32  Glial Reconstitution  
  90  6:34  Drone  
  90  6:35  Drone x3  
  90  6:37  Drone x4  
  98  6:45  Roach x3  
  98  6:46  Roach x3  
  110  6:57  Hatchery  
  110  7:00  Hydralisk x2  
  113  7:03  Muscular Augments  
  113  7:06  Overlord x2  
  113  7:07  Overlord  
  113  7:29  Hydralisk x4  
  115  7:30  Hydralisk x4  
  115  7:32  Overlord  
  115  7:33  Overlord x2  
  129  8:11  Drone x4  
  133  8:15  Drone  
  133  8:16  Hydralisk x7  
  133  8:17  Hydralisk x2  
  152  8:26  Hydralisk  
  154  8:35  Evolution Chamber  
  154  8:39  Evolution Chamber  
  152  8:43  Drone  
  152  8:44  Drone x3  
  156  8:51  Overseer  
  156  9:09  Infestation Pit  
  153  9:16  Hydralisk x3  
  153  9:17  Hydralisk, Roach x4  
  159  9:18  Hydralisk x2  
  159  9:21  Overlord x5  
  159  9:23  Zerg Missile Weapons Level 1  
  164  9:24  Drone  
  158  9:36  Queen x2  
  162  9:54  Hydralisk, Overlord x2  
  162  9:55  Hydralisk x4, Roach  
  162  9:56  Hydralisk, Roach x4  
  184  10:01  Ravager x2  
  184  10:02  Ravager x2  
  188  10:17  Zerg Ground Armor Level 1  
  188  10:19  Tunneling Claws  
  188  10:23  Hydralisk  
  188  10:25  Roach  
  188  10:45  Overlord x3  
  188  10:57  Queen  
  188  11:03  Drone x3  
  187  11:19  Overseer  
  175  11:56  Hydralisk x5, Roach  
  175  11:57  Hydralisk, Roach x5  
Show
View Real Time Build Order
Export as new Build Order

A.I. 1 (Harder) Zerg 

Build Orders: Hatch First 

Get SALT Encoding   

  12  0:00  Drone  
  13  0:12  Overlord  
  13  0:16  Drone  
  14  0:30  Drone x2  
  14  0:34  Drone  
  17  0:54  Hatchery  
  17  0:56  Drone  
  17  1:11  Spawning Pool  
  17  1:13  Drone  
  17  1:17  Drone  
  18  1:19  Extractor  
  18  1:21  Drone  
  18  1:28  Overlord  
  18  1:38  Drone  
  19  1:59  Queen  
  19  2:00  Zergling x4  
  23  2:02  Roach Warren  
  23  2:06  Drone  
  23  2:07  Extractor  
  22  2:10  Drone  
  23  2:23  Drone  
  23  2:29  Lair  
  24  2:43  Roach  
  26  2:50  Extractor  
  25  2:51  Drone  
  26  3:06  Drone  
  26  3:07  Extractor  
  26  3:10  Drone  
  27  3:13  Drone, Overlord  
  28  3:22  Roach  
  28  3:23  Drone  
  31  3:27  Drone  
  31  3:31  Hydralisk Den, Drone  
  31  3:33  Roach  
  34  3:34  Drone  
  34  3:37  Drone  
  36  3:44  Overlord  
  36  3:47  Drone  
  37  3:51  Drone  
  37  3:54  Drone  
  39  3:57  Drone  
  39  4:01  Hydralisk  
  42  4:13  Overlord, Roach  
  44  4:24  Roach  
  46  4:34  Roach  
  48  4:40  Overlord  
  48  4:43  Drone  
  48  4:44  Hydralisk  
  51  4:46  Drone  
  51  4:49  Drone  
  51  4:51  Drone  
  54  4:54  Drone  
  54  4:55  Hydralisk  
  54  4:58  Drone  
  58  5:03  Overlord  
  58  5:08  Infestation Pit  
  58  5:10  Drone  
  58  5:13  Drone  
  59  5:15  Drone  
  59  5:18  Drone  
  59  5:20  Drone  
  62  5:23  Drone  
  62  5:26  Drone  
  64  5:29  Drone  
  65  5:36  Overlord  
  65  5:39  Evolution Chamber  
  65  5:40  Drone  
  65  5:45  Drone x2  
  65  5:48  Drone  
  71  5:50  Drone  
  72  5:59  Drone  
  72  6:01  Drone  
  74  6:06  Burrow, Zerg Ground Armor Level 1  
  74  6:10  Drone  
  75  6:11  Overlord  
  75  6:16  Drone, Roach  
  75  6:17  Drone  
  79  6:26  Roach  
  81  6:33  Overlord  
  81  6:37  Roach  
  83  6:46  Overseer  
  83  6:48  Roach  
  83  6:51  Baneling Nest  
  83  6:52  Overseer, Overlord  
  83  6:53  Spore Crawler  
  84  6:54  Drone  
  84  6:56  Drone  
  84  6:59  Roach  
  84  7:00  Spore Crawler, Drone  
  87  7:02  Spore Crawler  
  87  7:03  Drone  
  87  7:07  Spore Crawler, Drone  
  87  7:09  Hydralisk  
  87  7:14  Queen  
  91  7:16  Overlord  
  91  7:18  Queen  
  91  7:19  Hydralisk  
  95  7:24  Spine Crawler  
  95  7:26  Spine Crawler  
  95  7:27  Drone  
  94  7:30  Hydralisk, Spine Crawler  
  94  7:31  Drone  
  94  7:35  Spine Crawler  
  95  7:37  Drone  
  95  7:41  Swarm Host  
  99  7:44  Spire  
  99  7:45  Drone  
  99  7:46  Evolution Chamber  
  99  7:47  Drone  
  99  7:52  Roach  
  101  8:00  Zerg Missile Weapons Level 1  
  101  8:11  Zerg Melee Weapons Level 1  
  101  8:37  Pneumatized Carapace, Hive, Overlord  
  101  8:49  Hatchery  
  101  8:50  Overseer  
  100  8:56  Overlord  
  100  9:08  Zergling x2  
  99  9:15  Hydralisk  
  97  9:17  Overlord  
  97  9:23  Hydralisk  
  64  9:31  Hydralisk  
  63  9:39  Hydralisk  
  63  9:44  Overseer  
  65  9:47  Hydralisk  
  65  9:51  Ultralisk Cavern  
  66  9:54  Zerg Ground Armor Level 2  
  66  9:55  Hydralisk  
  68  10:01  Drone x2  
  68  10:02  Drone x2  
  68  10:03  Drone  
  68  10:05  Drone  
  74  10:07  Drone  
  74  10:09  Drone  
  74  10:11  Drone x2  
  74  10:12  Drone  
  74  10:13  Drone  
  78  10:15  Extractor, Drone  
  78  10:17  Spore Crawler  
  78  10:18  Drone  
  78  10:19  Drone x2  
  78  10:20  Extractor  
  77  10:22  Drone x2  
  77  10:25  Drone x2  
  77  10:27  Overseer  
  76  10:29  Drone x2  
  76  10:30  Drone  
  76  10:32  Drone  
  78  10:37  Drone  
  78  10:39  Ultralisk  
  84  10:43  Drone  
  84  10:45  Zergling x2  
  84  10:46  Zergling x2  
  84  10:48  Zergling x2  
  86  10:50  Zergling x2  
  86  10:52  Zergling x2  
  86  10:55  Spore Crawler  
  76  11:00  Ultralisk  
  76  11:01  Hatchery  
  72  11:08  Ultralisk  
  72  11:10  Ultralisk  
  57  11:23  Ultralisk  
  48  11:26  Ultralisk  
  19  11:56  Drone x2  
Tags
 
League
Gold
Matchup
ZvZ
Race
Zerg
Spawn Locations
Cross Positions
Add a new tag
Caveats
  • Supply blocks, unpowered buildings, or Contaminate may cause inaccurate times.
  • Supply counts are checked every 10 seconds.